 Dungeon Crawl Stone Soup version 0.22-a0-192-g6ffc940 (webtiles) character file.

199908 kuniqs the Warrior (level 17, -10/161 HPs)
             Began as a Minotaur Fighter on Feb 16, 2018.
             Was the Champion of Makhleb.
             Mangled by a water elemental (38 damage)
             ... on level 2 of the Shoals.
             The game lasted 00:57:28 (26259 turns).

kuniqs the Warrior (Minotaur Fighter)              Turns: 26259, Time: 00:57:29

Health: -10/161    AC: 37    Str: 22    XL:     17   Next: 86%
Magic:  20/20      EV: 13    Int:  5    God:    Makhleb [******]
Gold:   2937       SH:  0    Dex: 14    Spells: 16/16 levels left

rFire    + . .     SeeInvis +   q - +2 broad axe (elec)
rCold    . . .     Gourm    .   U - +0 large shield
rNeg     . . .     Faith    .   N - +14 plate armour of Jihuethuv {rElec MR++}
rPois    .         Spirit   .   (helmet restricted)
rElec    +         Reflect  +   Z - +1 cloak {rF+}
rCorr    .         Harm     .   I - +0 pair of gloves
MR       ++++.                  o - +0 pair of boots
Stlth    ..........             c - +5 amulet of reflection
HPRegen  0.36/turn              L - ring of protection from magic
MPRegen  0.17/turn              X - ring of see invisible

@: sleeping, drained, very slow
A: retaliatory headbutt, horns 2, clumsy 1
}: 1/15 runes: gossamer
a: Minor Destruction, Lesser Servant of Makhleb, Major Destruction, Greater
Servant of Makhleb, Renounce Religion


You were on level 2 of the Shoals.
You worshipped Makhleb.
Makhleb was exalted by your worship.
You were not hungry.

You visited 6 branches of the dungeon, and saw 30 of its levels.
You also visited: Labyrinth, Ice Cave and Volcano.

You collected 3175 gold pieces.
You spent 238 gold pieces at shops.

Inventory:

Hand Weapons
 q - a +2 broad axe of electrocution (weapon)
Missiles
 x - 3 throwing nets (quivered)
Armour
 o - a +0 pair of boots (worn)
 D - the +1 cloak of Daonoe {rC+ rN++ Str-3 SInv}
   (You acquired it on level 2 of the Spider Nest)

   It affects your strength (-3).
   It protects you from cold.
   It greatly protects you from negative energy.
   It lets you see invisible.
 I - a +0 pair of gloves (worn)
 N - the +14 plate armour of Jihuethuv (worn) {rElec MR++}
   (You found it in a labyrinth)

   It insulates you from electricity.
   It affects your resistance to hostile enchantments.
 U - a +0 large shield (worn)
 Z - a +1 cloak of fire resistance (worn)
Jewellery
 c - a +5 amulet of reflection (around neck)
 L - a ring of protection from magic (left hand)
 X - a ring of see invisible (right hand)
Wands
 b - a wand of paralysis (18)
 n - a wand of digging (46)
 s - a wand of polymorph (37)
 t - a wand of scattershot (5)
 A - a wand of flame (40)
 E - a wand of enslavement (10)
 H - a wand of acid (30)
 K - a wand of iceblast (4)
Scrolls
 a - a scroll of summoning {unknown}
 e - 3 scrolls of enchant armour
 i - 10 scrolls of remove curse {@r2}
 k - 2 scrolls of identify {@r1}
 l - a scroll of enchant weapon
 p - 6 scrolls of fog
 r - 2 scrolls of holy word {unknown}
 u - 4 scrolls of magic mapping
 w - 8 scrolls of teleportation
 y - 2 scrolls of silence {unknown}
 z - 4 scrolls of immolation
 F - a scroll of blinking
 R - a scroll of fear {unknown}
Potions
 d - 4 potions of might
 g - 3 potions of resistance
 h - 2 potions of invisibility
 j - 6 potions of curing {@q1}
 m - 5 potions of mutation
 v - 4 potions of lignification
 B - 4 potions of flight
 C - 3 potions of agility
 G - 2 potions of heal wounds
 O - 6 potions of haste
 P - 7 potions of ambrosia
 Q - a potion of cancellation
 V - 2 potions of berserk rage
Comestibles
 f - 43 rations
 J - 7 chunks of flesh


   Skills:
 + Level 17.0(16.2) Fighting
 + Level 16.8(15.9) Axes
 + Level 17.0(16.1) Armour
 + Level 15.4(14.6) Dodging
 + Level 16.9(16.1) Shields
 - Level 6.0(5.3) Invocations


You had 16 spell levels left.
You didn't know any spells.

Dungeon Overview and Level Annotations

Branches:
Dungeon (15/15)            Temple (1/1) D:6            Lair (6/6) D:9
 Shoals (2/4) Lair:2       Spider (4/4) Lair:3        Slime (0/5) Lair:5
    Orc (2/2) D:12            Elf (0/3) Orc:2        Vaults (0/5) D:13
 Depths (0/5) D:15

Altars:
Ashenzari
Dithmenos
Elyvilon
Fedhas
Gozag
Hepliaklqana
Makhleb
Nemelex Xobeh
Okawaru
Ru
Sif Muna
Trog
Vehumet
Wu Jian
Xom
Yredelemnul
Zin
The Shining One

Shops:
D:8 *   D:11 (   D:12 *   Orc:1 *   Orc:2 (*:(   Shoals:2 (*


Innate Abilities, Weirdness & Mutations

You reflexively headbutt those who attack you in melee.
You have a pair of horns on your head.
You are clumsy. (Dex -2)


Message History

With effort, you pull free of the water engulfing you.
You gasp with relief as air once again reaches your lungs.
You block the water elemental's attack.
The merfolk aquamancer casts a spell at you.
The torrent of water passes through the water elemental.
The torrent of water hits you!
You shrug off the wave.
You are knocked back by the torrent of water.
You slam into the rock wall!
The wave splashes down.
Splash!
You fall into the shallow water.
Moving in this stuff is going to be slow.
You block the water elemental's attack. You block the dream sheep's attack.
The merfolk hits you but does no damage.
The dream sheep shake their wool and sparkle.
You feel drowsy...
You fall asleep.
The merfolk aquamancer closely misses you.
The water elemental barely misses you. The merfolk misses you.
The merfolk aquamancer barely misses you.
The water elemental hits you!!!
You die...

#..≈≈≈≈≈≈≈≈≈≈≈≈≈≈≈
..≈≈≈≈≈≈≈≈≈≈≈≈≈≈≈≈
##.≈≈≈≈≈≈≈≈≈≈≈≈≈≈≈≈ ≈≈...
#...≈≈≈≈≈≈≈≈≈≈≈≈≈≈≈ ≈≈≈..
#...(≈≈≈≈≈≈≈≈≈≈≈≈≈≈ ≈≈≈≈..
#..≈≈Y†≈≈≈≈≈≈≈≈≈≈≈≈ ≈≈≈≈..
#...YYm≈≈≈≈≈≈≈≈≈≈ ≈....#
###.CEm..≈≈≈≈≈≈≈≈
.(...##### ####@..≈≈≈≈≈≈≈≈
≈≈....##.## #.###))≈≈≈≈≈≈
≈≈....>...### ## #.≈≈≈≈≈≈≈
≈.≈≈≈.......#######.≈≈≈≈≈≈≈
....................≈≈≈≈≈≈≈
≈............≈≈≈≈≈≈≈≈≈≈≈≈≈≈
≈.........≈.≈≈≈≈≈≈≈≈≈≈≈≈≈≈≈
≈≈.....≈≈≈≈≈≈≈≈≈≈≈≈≈≈≈≈≈≈≈≈
≈≈≈≈≈≈≈≈≈≈≈≈≈≈≈≈≈≈≈≈≈≈≈≈≈≈≈


You could see a merfolk aquamancer, a merfolk, a cyclops, a water elemental and
3 dream sheep.

Vanquished Creatures
  A tengu reaver (D:13)
  A fire giant (D:15)
  4 ghost moths
  3 emperor scorpions (Spider:4)
  4 entropy weavers
  2 spark wasps (Spider:4)
  A minotaur (Lab)
  4 merfolk impalers
  5 vault guards (D:13)
  A rakshasa (D:11)
  A merfolk avatar (Lair:6)
  11 hydras
  4 catoblepae
  A merfolk aquamancer (Shoals:2)
  2 death knights
  2 centaur warriors
  10 two-headed ogres
  A deep troll earth mage (D:13)
  A tengu warrior (D:15)
  6 orc high priests (Orc:2)
  Urug (Orc:1)
  5 skeletal warriors (D:14)
  3 unseen horrors
  6 sea snakes
  A wizard (D:13)
  A deep elf archer (D:13)
  Pikel (D:7)
  7 orc knights
  A necromancer (IceCv)
  9 fauns
  A wolf spider zombie (D:12)
  2 deep elf magi (D:13)
  16 orb spiders
  26 wolf spiders
  8 manticores
  22 ugly things
  5 orc sorcerers
  4 cyclopes
  A salamander (Volcano)
  5 merfolk sirens
  4 moths of wrath
  20 elephants
  Maurice (D:10)
  2 ice statues (IceCv)
  A minotaur zombie (Lab)
  14 spiny frogs
  A black mamba (Lair:6)
  3 gargoyles
  4 centaur skeletons (D:15)
  A torpor snail (Spider:3)
  Joseph (D:9)
  4 efreet (D:15)
  3 rime drakes
  13 demonic crawlers
  6 komodo dragons
  10 ice devils (IceCv)
  A yaktaur (D:13)
  A tengu conjurer (D:15)
  15 merfolk
  A queen bee (D:11)
  5 trolls
  38 jumping spiders
  4 wind drakes
  5 polar bears
  7 blink frogs
  3 snapping turtles
  Grinder (D:4)
  A meliai zombie (D:11)
  3 dream sheep (Shoals:2)
  6 hornets
  3 slime creatures (D:15)
  14 hippogriffs
  6 water elementals
  4 wyverns
  96 redbacks
  Sigmund (D:4)
  29 yaks
  4 vampires
  2 wraiths
  35 tarantellas
  4 basilisks
  2 hungry ghosts
  11 wargs
  4 hell hounds (Volcano)
  A swamp drake (shapeshifter) (D:14)
  17 water moccasins
  11 porcupines
  27 orc warriors
  3 sky beasts
  2 black bears
  7 phantoms
  14 ogres
  3 ice beasts
  An eye of draining (D:13)
  13 wolves
  20 centaurs
  3 necrophages
  9 crocodiles
  A big kobold (D:8)
  19 bullfrogs
  A wyvern zombie (D:10)
  8 scorpions
  38 killer bees
  17 wights
  5 howler monkeys
  3 electric eels
  8 crimson imps
  3 bullfrog zombies
  2 draconian simulacra (IceCv)
  5 quasits
  8 hounds
  A centaur zombie (D:5)
  17 orc priests
  5 bullfrog skeletons
  10 jellies
  31 orc wizards
  2 iguanas
  3 troll simulacra (IceCv)
  12 worker ants
  2 centaur simulacra (IceCv)
  A hound zombie (D:9)
  A hound skeleton (D:4)
  A worker ant zombie (D:11)
  7 gnolls
  An ogre simulacrum (IceCv)
  13 adders
  2 naga simulacra (IceCv)
  5 shadow imps
  An ooze (Lair:5)
  2 worms
  A dart slug (D:1)
  5 leopard geckos
  56 orcs
  8 bats
  4 giant cockroaches
  4 goblins
  6 hobgoblins
  6 jackals
  9 quokkas
  4 frilled lizards
  A jackal zombie (D:8)
  7 kobolds
  A leopard gecko skeleton (D:7)
  11 rats
  5 fungi
  7 plants
1085 creatures vanquished.

Vanquished Creatures (others)
  A merfolk javelineer (Shoals:1)
  A wizard (D:13)
  A yaktaur (D:15)
  A slave (D:7)
  A bush (Lair:6)
  20 fungi
  16 plants
41 creatures vanquished.

Grand Total: 1126 creatures vanquished

Notes
Turn   | Place    | Note
-------+----------+-------------------------------------------
     0 | D:1      | kuniqs the Minotaur Fighter began the quest for the Orb.
     0 | D:1      | Reached XP level 1. HP: 19/19 MP: 0/0
   313 | D:1      | Reached XP level 2. HP: 27/27 MP: 1/1
   662 | D:2      | Reached skill level 1 in Dodging
   851 | D:2      | Found a shadowy altar of Dithmenos.
   852 | D:2      | Noticed a bullfrog
   855 | D:2      | Reached XP level 3. HP: 33/33 MP: 2/2
   865 | D:2      | Killed a bullfrog
   865 | D:2      | Reached XP level 4. HP: 29/40 MP: 3/3
  1049 | D:2      | Found a white marble altar of Elyvilon.
  1365 | D:2      | Found an iron altar of Okawaru.
  1730 | D:3      | Reached XP level 5. HP: 39/47 MP: 4/4
  2159 | D:3      | Reached XP level 6. HP: 28/55 MP: 5/5
  2316 | D:3      | Found a shattered altar of Ashenzari.
  2488 | D:4      | Noticed Grinder
  2489 | D:4      | Paralysed by Grinder for 2 turns
  2495 | D:4      | Killed Grinder
  2495 | D:4      | Reached skill level 5 in Fighting
  2495 | D:4      | Reached skill level 5 in Armour
  2495 | D:4      | Reached skill level 5 in Shields
  2519 | D:4      | Reached XP level 7. HP: 61/61 MP: 6/6
  2533 | D:4      | Found an ornate altar of the Wu Jian Council.
  2628 | D:4      | Noticed Sigmund
  2632 | D:4      | Killed Sigmund
  2632 | D:4      | Reached skill level 5 in Axes
  3039 | D:5      | Entered Level 5 of the Dungeon
  3072 | D:5      | Reached XP level 8. HP: 44/70 MP: 7/7
  3482 | D:5      | Found a radiant altar of Vehumet.
  3750 | D:6      | Reached skill level 5 in Dodging
  3829 | D:6      | Found a staircase to the Ecumenical Temple.
  3849 | Temple   | Entered the Ecumenical Temple
  3902 | Temple   | Became a worshipper of Makhleb the Destroyer
  4066 | D:6      | Reached skill level 1 in Invocations
  4087 | D:6      | Reached XP level 9. HP: 52/79 MP: 6/9
  4694 | D:7      | Reached * piety under Makhleb
  5047 | D:7      | Noticed Pikel
  5051 | D:7      | Killed Pikel
  5118 | D:7      | Found a basalt altar of Yredelemnul.
  5118 | D:7      | Found a blossoming altar of Fedhas.
  5240 | D:8      | Found a sacrificial altar of Ru.
  5324 | D:8      | Reached XP level 10. HP: 88/88 MP: 11/11
  5335 | D:8      | Reached ** piety under Makhleb
  5456 | D:8      | Found Taqahosa's Assorted Antiques.
  5459 | D:8      | Bought a scroll labeled ZUCUKU LOYSA for 31 gold pieces
  5459 | D:8      | Bought a scroll labeled YCIOFF HUSESKUOPH for 31 gold pieces
  5459 | D:8      | Bought a scroll labeled CISYEQIUKH for 31 gold pieces
  5459 | D:8      | Bought a scroll labeled MAEFEF NOIHOAWEPP for 31 gold pieces
  5843 | D:9      | Noticed Joseph
  5861 | D:9      | HP: 4/90 [Joseph/uncursed quarterstaff (7)]
  5863 | D:9      | Killed Joseph
  5917 | D:9      | Reached *** piety under Makhleb
  6223 | D:9      | Found a staircase to the Lair.
  6587 | D:10     | Entered Level 10 of the Dungeon
  6731 | D:10     | Reached skill level 5 in Invocations
  6835 | D:10     | Noticed a two-headed ogre
  6862 | D:10     | Killed a two-headed ogre
  6862 | D:10     | Reached XP level 11. HP: 68/97 MP: 7/13
  6981 | D:10     | Noticed Maurice
  6988 | D:10     | Killed Maurice
  6998 | D:10     | Reached **** piety under Makhleb
  7133 | D:10     | Noticed a two-headed ogre
  7138 | D:10     | Noticed a four-headed hydra
  7184 | D:10     | HP: 3/97 [something (7)]
  7188 | D:10     | Killed an unseen horror
  7188 | D:10     | Killed a two-headed ogre
  7724 | D:10     | Killed a seven-headed hydra
  7775 | D:11     | Reached skill level 10 in Armour
  7782 | D:11     | Reached skill level 10 in Shields
  7783 | D:11     | Reached skill level 10 in Fighting
  7929 | D:11     | Found Deneboeh's Antique Weapon Boutique.
  8122 | D:11     | Found a frozen archway.
  8132 | IceCv    | Entered an ice cave
  8335 | IceCv    | Reached skill level 10 in Axes
  9301 | IceCv    | Noticed a necromancer
  9311 | IceCv    | Killed a necromancer
  9370 | IceCv    | Reached XP level 12. HP: 62/108 MP: 7/15
  9481 | IceCv    | Reached ***** piety under Makhleb
  9688 | D:11     | Noticed a death knight
  9762 | D:11     | Killed a death knight
 10033 | D:11     | Noticed a rakshasa
 10076 | D:11     | Killed a rakshasa
 10488 | Lair:1   | Entered Level 1 of the Lair of Beasts
 10522 | Lair:1   | Reached skill level 10 in Dodging
 10630 | Lair:1   | Noticed a four-headed hydra
 10644 | Lair:1   | Killed a four-headed hydra
 11217 | Lair:2   | Reached XP level 13. HP: 117/117 MP: 16/16
 11238 | Lair:2   | Found a dark tunnel.
 11243 | Volcano  | Entered a volcano
 11731 | Lair:2   | Found a staircase to the Shoals.
 12641 | Lair:3   | Found a hole to the Spider Nest.
 14004 | Lair:5   | Reached ****** piety under Makhleb
 14082 | Lair:5   | Found a deep blue altar of Sif Muna.
 14261 | Lair:5   | Found a staircase to the Slime Pits.
 14571 | Lair:6   | Entered Level 6 of the Lair of Beasts
 14666 | Lair:5   | Reached XP level 14. HP: 69/129 MP: 17/17
 14821 | Lair:6   | Found a labyrinth entrance.
 14918 | Lab      | Entered a labyrinth
 15491 | Lab      | Got a heavily runed plate armour
 15930 | Lair:6   | Got a fine ruby amulet
 16479 | D:12     | Noticed an angel
 16481 | D:12     | Found Ajuwkubb's Hallowed Reliquary.
 16484 | D:12     | Found a glowing golden altar of the Shining One.
 16556 | D:12     | Found a staircase to the Orcish Mines.
 16729 | D:12     | Identified the +14 plate armour of Jihuethuv {rElec MR++} (You found it in a labyrinth)
 17119 | Orc:1    | Entered Level 1 of the Orcish Mines
 17191 | Orc:2    | Entered Level 2 of the Orcish Mines
 17191 | Orc:2    | Found a staircase to the Elven Halls.
 17276 | Orc:1    | Noticed Urug
 17295 | Orc:1    | Killed Urug
 17414 | Orc:1    | Found a radiant altar of Vehumet.
 17557 | Orc:1    | Found Ymigoh's Assorted Antiques.
 17565 | Orc:1    | Bought a scroll of identify for 54 gold pieces
 17565 | Orc:1    | Identified the amulet "Jacvocew" {Reflect rC- Str+2 Dex+2 SH+6} (You found it on level 6 of the Lair of Beasts)
 17808 | Orc:2    | Gained mutation: You are clumsy. (Dex -2) [a neqoxec]
 18008 | Orc:2    | Reached XP level 15. HP: 138/138 MP: 18/18
 18123 | Orc:2    | Found Reij's Weapon Emporium.
 18155 | Orc:2    | Found Wewub's Book Shop.
 18161 | Orc:2    | Found Cusaxtuxed's General Store.
 18163 | Orc:2    | Found Ganwontoesm's Weapon Emporium.
 18173 | Orc:2    | Bought a scroll of identify for 30 gold pieces
 18173 | Orc:2    | Bought a scroll of identify for 30 gold pieces
 18950 | D:13     | Noticed a tengu reaver
 18980 | D:13     | Killed a tengu reaver
 19417 | D:13     | Got a bound bone amulet
 19602 | D:13     | Found a gate to the Vaults.
 19837 | D:14     | Reached skill level 15 in Fighting
 19965 | D:14     | Reached skill level 15 in Armour
 20145 | D:14     | Reached skill level 15 in Shields
 20494 | D:15     | Entered Level 15 of the Dungeon
 20543 | D:15     | Found a staircase to the Depths.
 20544 | D:15     | Noticed a fire giant
 20569 | D:15     | Killed a fire giant
 20598 | D:15     | Reached XP level 16. HP: 149/149 MP: 19/19
 20749 | D:15     | Reached skill level 15 in Axes
 21416 | Spider:1 | Entered Level 1 of the Spider Nest
 22312 | Spider:2 | Identified the amulet of Symmetry {Reflect rElec Int+3 SH+3 Stlth+} (You took it off an orc on level 13 of the Dungeon)
 22532 | Spider:2 | Got a crude cloak
 22946 | Spider:3 | Identified the +1 cloak of Daonoe {rC+ rN++ Str-3 SInv} (You acquired it on level 2 of the Spider Nest)
 23896 | Spider:4 | Entered Level 4 of the Spider Nest
 23917 | Spider:4 | Reached XP level 17. HP: 157/158 MP: 20/20
 24194 | Spider:4 | Reached skill level 15 in Dodging
 25015 | Spider:4 | Got a gossamer rune of Zot
 25193 | Shoals:1 | Entered Level 1 of the Shoals
 25817 | Shoals:1 | You fall through a shaft!
 25933 | Shoals:2 | Found Byareg's Weapon Boutique.
 26005 | Shoals:2 | Found Zeosmeziv's General Store.
 26259 | Shoals:2 | Mangled by a water elemental

Vault maps used:
D:1:      dpeg_arrival_rooms_b, minivault_23, lemuel_old_faithful
D:2:      grunt_dithmenos_smoke_and_mirrors, elyvilon_altar_1, first_ration,
          okawaru_ov_weapons_minmay
D:3:      overflow_temple_1_default
D:4:      old_standard_altar, uniq_grinder, uniq_sigmund
D:5:      lemuel_doored_altar
D:6:      minmay_temple_entry_large_hall
D:7:      cheibrodos_quashed, gammafunk_temple_overflow_elements,
          grunt_ogre_cave, uniq_pikel
D:8:      nicolae_ru_the_path_less_chosen, serial_shops,
          nicolae_shop_behind_doors
D:9:      grunt_lair_entry_orc_guard_hut, uniq_joseph
D:10:     uniq_maurice
D:11:     regret_index_wax_grids, serial_shops, nicolae_shop_stone,
          portal_ice_cave_entry_pillars_1, kennysheep_generic_room_10
D:12:     orc_0_dummy, nicolae_good_shop
D:13:     grunt_vaults_entry_fortified, minmay_misc_feat_enclosed,
          minmay_stone_trees_medium, minmay_the_grid_2x2
D:14:     roderic_lattice_octagonal_star
D:15:     grunt_enter_depths_giant_problem, solitary_fountain
Temple:   dpeg_chambers_temple
Lair:1:   patterned_corridor
Lair:2:   elwin_shoals_entry_stream, enter_volcano_4,
          infiniplex_staircase_pool_2
Lair:3:   spider_nest_entry_rubble, grunt_megastairs_2,
          infiniplex_staircase_pool
Lair:4:   beast_lair_carwin_5
Lair:5:   nicolae_slime_entry_slimehenge, basic_altar, lookout_lair_type
Lair:6:   gammafunk_lair_ancient_temple, lab_entry_generic
Shoals:2: serial_shops, nicolae_shop_crystal, nicolae_shoals_c_island
Spider:4: grunt_spider_rune_parallel
Orc:1:    cheibrodos_orc_guarddog, basic_altar, serial_shops, shop_statue,
          uniq_urug
Orc:2:    st_orc_elflike
Lab:      labyrinth_hidden_loot, nicolae_lab_garden, labyrinth_skeletal_remains
IceCv:    ice_cave_tombish
Volcano:  volcano_village

Skill      XL: |  1  2  3  4  5  6  7  8  9 10 11 12 13 14 15 16 17 |
---------------+----------------------------------------------------+-----
Dodging        | 1 2 3 4 5 6 7 9 10 11 12 13 14 15 | 15.4
Shields        | 4 5 6 7 8 9 10 11 13 14 15 16 | 16.9
Fighting       | 4 5 6 7 8 9 10 11 13 14 15 16 17 | 17.0
Axes           | 3 4 5 6 7 9 10 11 12 13 14 15 16 | 16.8
Armour         | 4 5 6 7 8 9 10 11 13 14 15 16 17 | 17.0
Invocations    | 1 3 5 6 |  6.0

Action                   |  1- 3 |  4- 6 |  7- 9 | 10-12 | 13-15 | 16-18 || total
-------------------------+-------+-------+-------+-------+-------+-------++-------
Melee: War axe           |    40 |   104 |   314 |   862 |  1434 |   349 ||  3103
       Headbutt          |     7 |    16 |    70 |   254 |   418 |   255 ||  1020
       Whip              |       |       |       |     9 |    56 |       ||    65
       Broad axe         |       |       |       |       |       |   760 ||   760
Throw: Throwing net      |       |       |     1 |       |     1 |       ||     2
Invok: Minor Destruction |       |       |       |       |     2 |       ||     2
Evoke: Wand              |       |       |     2 |    18 |    16 |    13 ||    49
  Use: Potion            |       |     1 |       |     4 |     2 |     2 ||     9
       Scroll            |       |       |       |    16 |    13 |     9 ||    38
 Stab: Paralysed         |       |       |     2 |     9 |       |       ||    11
       Held in net/web   |       |       |     1 |       |     3 |     1 ||     5
       Petrified         |       |       |       |       |    13 |       ||    13
       Petrifying        |       |       |       |       |     1 |       ||     1
  Eat: Chunk             |       |     5 |    13 |    18 |    29 |    13 ||    78
       Ration            |       |       |       |     1 |     1 |     2 ||     4
Armor: Scale mail        |    14 |    48 |       |       |       |       ||    62
       Chain mail        |       |    18 |   128 |   310 |   202 |       ||   658
       Skin              |       |       |       |    35 |       |       ||    35
       Ring mail         |       |       |       |    10 |     3 |       ||    13
       Plate armour      |       |       |       |       |   360 |   552 ||   912
Dodge: Dodged            |    11 |    52 |    90 |   396 |   687 |   403 ||  1639
Block: Shield            |    20 |    56 |   210 |   614 |   813 |       ||  1713
       Large shield      |       |       |       |       |   224 |  1635 ||  1859
       Reflection        |       |       |       |       |     4 |    45 ||    49

Table legend:
 A = Spawn XP
 B = Non-spawn XP
 C = Spawn XP percentage of total XP
 D = Spawn monster count
 E = Non-spawn monster count
 F = Spawn count percentage of total count
 G = Total turns spent on level
                    A         B        C        D         E        F      G
               +---------+---------+-------+---------+---------+-------+---------
         Total |       0 |  279772 |   0.0 |       0 |    1076 |   0.0 | 26259
               +---------+---------+-------+---------+---------+-------+---------
           D:1 |       0 |      25 |   0.0 |       0 |      15 |   0.0 |   651
           D:2 |       0 |     152 |   0.0 |       0 |      21 |   0.0 |   983
           D:3 |       0 |     251 |   0.0 |       0 |      27 |   0.0 |   854
           D:4 |       0 |     802 |   0.0 |       0 |      14 |   0.0 |   551
           D:5 |       0 |     798 |   0.0 |       0 |      22 |   0.0 |   747
           D:6 |       0 |    1228 |   0.0 |       0 |      25 |   0.0 |   650
           D:7 |       0 |    2006 |   0.0 |       0 |      26 |   0.0 |   656
           D:8 |       0 |    1626 |   0.0 |       0 |      24 |   0.0 |   491
           D:9 |       0 |    2421 |   0.0 |       0 |      36 |   0.0 |  1318
          D:10 |       0 |    6131 |   0.0 |       0 |      34 |   0.0 |  1005
          D:11 |       0 |   10173 |   0.0 |       0 |      75 |   0.0 |  1295
          D:12 |       0 |    6423 |   0.0 |       0 |      27 |   0.0 |   741
          D:13 |       0 |   18654 |   0.0 |       0 |      35 |   0.0 |   930
          D:14 |       0 |   17588 |   0.0 |       0 |      39 |   0.0 |   808
          D:15 |       0 |   13329 |   0.0 |       0 |      34 |   0.0 |   690
        Lair:1 |       0 |    3381 |   0.0 |       0 |      13 |   0.0 |   607
        Lair:2 |       0 |    9808 |   0.0 |       0 |      38 |   0.0 |  1283
        Lair:3 |       0 |    1690 |   0.0 |       0 |      11 |   0.0 |   896
        Lair:4 |       0 |    6917 |   0.0 |       0 |      18 |   0.0 |   749
        Lair:5 |       0 |    5601 |   0.0 |       0 |      22 |   0.0 |   599
        Lair:6 |       0 |   23756 |   0.0 |       0 |      68 |   0.0 |  1016
      Shoals:1 |       0 |   18687 |   0.0 |       0 |      38 |   0.0 |   624
      Shoals:2 |       0 |    7982 |   0.0 |       0 |      21 |   0.0 |   442
      Spider:1 |       0 |   20516 |   0.0 |       0 |      64 |   0.0 |   789
      Spider:2 |       0 |    5355 |   0.0 |       0 |      17 |   0.0 |   540
      Spider:3 |       0 |   24489 |   0.0 |       0 |      71 |   0.0 |  1201
      Spider:4 |       0 |   39810 |   0.0 |       0 |      92 |   0.0 |  1201
         Orc:1 |       0 |    4368 |   0.0 |       0 |      36 |   0.0 |   583
         Orc:2 |       0 |   15336 |   0.0 |       0 |      77 |   0.0 |  1089
           Lab |       0 |    2101 |   0.0 |       0 |       4 |   0.0 |   604
         IceCv |       0 |    5228 |   0.0 |       0 |      23 |   0.0 |  1415
       Volcano |       0 |    3140 |   0.0 |       0 |       9 |   0.0 |   170
               +---------+---------+-------+---------+---------+-------+---------
